 Dungeon Sprint DCSS version 0.24.0-13-gcf9b3192b9 (webtiles) character file.

Game seed: 14968469388867453344, levelgen mode: deterministic

286 Kairok the Blocker (level 6, -1/56 HPs)
             Began as a Formicid Fighter on Nov 10, 2019.
             Slain by Sonja
             ... wielding a +0 short sword of draining
              (2 damage)
             ... in the Dungeon (Sprint I: "Red Sonja").
             The game lasted 00:02:03 (194 turns).

Kairok the Blocker (Formicid Fighter)                Turns: 194, Time: 00:02:04

Health: -1/56      AC:  6    Str: 27    XL:     6   Next: 56%
Magic:  6/6        EV:  6    Int:  8    God:
Gold:   310        SH:  8    Dex: 10    Spells: 5/5 levels left

rFire    . . .     SeeInvis +   a - +0 quarterstaff
rCold    . . .     Gourm    .   c - +0 shield
rNeg     . . .     Faith    .   b - +0 scale mail
rPois    .         Spirit   .   (helmet unavailable)
rElec    .         Reflect  .   (no cloak)
rCorr    .         Harm     .   (no gloves)
MR       .....                  (no boots)
Stlth    ..........             (no amulet)
HPRegen  0.18/turn              (no ring)
MPRegen  0.10/turn              (no ring)

@: mighty, lethally poisoned (-1 -> -2), extremely drained
A: permanent stasis, dig shafts and tunnels, four strong arms, antennae 3
a: Dig


You were in the Dungeon.
You were not hungry.

You visited 1 branch You collected 310 gold pieces.

Inventory:

Hand Weapons
 a - a +0 quarterstaff (weapon)
Armour
 b - a +0 scale mail (worn)
 c - a +0 shield (worn)
Potions
 h - a potion of lignification {unknown}
 i - 2 potions of magic
 j - a potion of brilliance {unknown}
Comestibles
 f - a ration


   Skills:
 + Level 8.0(0.0) Fighting
 + Level 6.4(0.0) Staves
 + Level 7.5(0.0) Armour
 + Level 1.2(0.0) Dodging
 + Level 8.3(0.0) Shields


You had 5 spell levels left.
You didn't know any spells.
Your spell library was empty.

Dungeon Overview and Level Annotations

Branches:
Dungeon (1/1)

Altars:
Sif Muna
Vehumet
Wu Jian

Annotations:
D Sonja


Innate Abilities, Weirdness & Mutations

You cannot be hasted, slowed, berserked, paralysed or teleported.
You can dig through walls and to a lower floor.
Your four strong arms can wield two-handed weapons with a shield.
You have a pair of large antennae on your head. (SInv)


Message History

You closely miss Sonja. Sonja hits you but does no damage.
You feel drained.
Sonja hits you with a +0 short sword of draining.
* * * LOW HITPOINT WARNING * * *
You feel drained. Sonja hits you but does no damage.
You feel drained. You block Sonja's attack.
Sonja hits you with a +0 short sword of draining.
* * * LOW HITPOINT WARNING * * *
You feel drained. You block Sonja's attack.
Firing (i - inventory) No suitable missiles.
Press: ? - help, Shift-Dir - straight line, f - Sonja
Aim: Sonja, wielding a +0 short sword of draining
Okay, then.
You feel very mighty all of a sudden.
* * * LOW HITPOINT WARNING * * *
You feel sick.
Sonja hits you with a +0 short sword of draining.
* * * LOW HITPOINT WARNING * * *
You feel drained.
Sonja hits you with a +0 short sword of draining.
You die...

################
#<.#..').#.....#
#..'!.#..').#..+
{
#..#####'#####.#
#..# #..#(..#.#
#..# ####(.##.#
{ #..# ##K#_.+
#⌠⌠# {+@.._# {
#### #_(#+# ##'#
#(# +$.$+ {
#$.$# ##.## {
#+# {{ { { {


You could see Sonja.

Vanquished Creatures
  Sigmund (D)
  An ogre (D)
  A jelly (D)
  Ijyb (D)
4 creatures vanquished.

Notes
Turn   | Place    | Note
-------+----------+-------------------------------------------
     0 | D        | Kairok the Formicid Fighter began the quest for the Orb.
     0 | D        | Reached XP level 1. HP: 18/18 MP: 1/1
     2 | D        | Noticed Ijyb
    14 | D        | Killed Ijyb
    14 | D        | Reached skill level 5 in Shields
    14 | D        | Reached XP level 2. HP: 24/26 MP: 2/2
    14 | D        | Reached XP level 3. HP: 29/31 MP: 3/3
    21 | D        | Noticed an ogre
    27 | D        | Killed an ogre
    27 | D        | Reached skill level 5 in Armour
    27 | D        | Reached XP level 4. HP: 38/40 MP: 4/4
    27 | D        | Reached XP level 5. HP: 44/46 MP: 5/5
    30 | D        | Noticed Sigmund
    38 | D        | Killed Sigmund
    38 | D        | Reached skill level 1 in Dodging
    38 | D        | Reached XP level 6. HP: 55/56 MP: 6/6
    52 | D        | Found a shimmering blue altar of Sif Muna.
    53 | D        | Found an ornate altar of the Wu Jian Council.
   141 | D        | Found a radiant altar of Vehumet.
   165 | D        | Noticed Sonja
   194 | D        | HP: 2/56 [poisoned by Sonja (curare-tipped dart)]
   194 | D        | Slain by Sonja

Levels and vault maps discovered:
D:        dungeon_sprint_1 [red_sonja_temple_1, red_sonja_temple_small_1]

Skill      XL: |  1  2  3  4  5  6 |
---------------+-------------------+-----
Fighting       | 4 6 7 8 |  8.0
Staves         | 3 4 6 |  6.4
Armour         | 4 5 7 |  7.5
Shields        | 5 6 8 |  8.3
Dodging        | 1 |  1.2

Action                   |  1- 3 |  4- 6 || total
-------------------------+-------+-------++-------
Melee: Quarterstaff      |    17 |    21 ||    38
  Use: Potion            |       |     3 ||     3
Armor: Scale mail        |     4 |    15 ||    19
Dodge: Dodged            |     5 |    12 ||    17
Block: Shield            |     5 |    22 ||    27
